Map: Heavy Artillery LE

Players

Garf

  • Race: Zerg Zerg
  • Spawn Location: 3:00

trashbin

  • Race: Protoss Protoss
  • Spawn Location: 1:00

Throwfordays - Winner!

  • Race: Protoss Protoss
  • League: Silver
  • Spawn Location: 7:00

Faust - Winner!

  • Race: Zerg Zerg
  • League: Diamond
  • Spawn Location: 7:00

VOD

Have the link to the VOD?

Description

Time

  • Played on: July 18, 2020, 12:46 a.m.
  • Length: 15:04
Show
View Real Time Build Order
Export as new Build Order

Garf Zerg 

Build Orders: Hatch First 

Get SALT Encoding   

  12  0:01  Drone  
  13  0:10  Drone  
  14  0:16  Overlord  
  14  0:34  Drone x2  
  14  0:35  Drone  
  17  0:56  Hatchery  
  16  1:02  Drone x2  
  18  1:16  Spawning Pool  
  17  1:35  Extractor  
  17  1:36  Drone x3  
  19  2:12  Zergling x6  
  22  2:19  Queen  
  22  2:21  Queen  
  26  2:24  Zergling x2  
  27  2:38  Zergling x2  
  27  2:40  Metabolic Boost  
  28  2:45  Overlord x2  
  28  3:02  Queen  
  30  3:10  Zergling x4  
  30  3:11  Zergling x2  
  33  3:18  Drone  
  33  3:19  Drone x2  
  36  3:25  Zergling x2  
  36  3:49  Queen  
  36  3:51  Queen  
  40  4:11  Roach Warren  
  40  4:14  Drone x4  
  43  4:18  Overlord x4  
  42  4:47  Extractor  
  41  4:55  Lair  
  41  4:57  Queen  
  43  5:04  Spore Crawler  
  25  5:53  Zergling x2  
  25  5:54  Zergling x12  
  32  6:04  Drone x2  
  32  6:05  Drone x5  
  39  6:25  Drone  
  39  6:26  Drone x4  
  37  7:35  Drone x2  
  39  7:39  Spore Crawler  
  39  7:43  Zergling x8  
  39  7:44  Zergling x18  
  51  7:52  Infestation Pit  
  51  7:56  Evolution Chamber x2  
  51  7:58  Drone x3  
  51  7:59  Drone  
  51  8:01  Drone x3  
  55  8:17  Drone  
  55  8:18  Drone  
  57  8:22  Zerg Melee Weapons Level 1  
  57  8:23  Zerg Ground Armor Level 1  
  57  8:29  Hive  
  57  8:34  Zergling x12  
  63  8:51  Hatchery  
  63  8:53  Burrow  
  47  10:26  Drone x2  
  47  10:27  Drone  
  50  10:32  Queen  
  52  10:36  Zergling x26  
  52  10:37  Zergling x10  
  52  10:40  Zerg Ground Armor Level 2  
  52  10:41  Zerg Melee Weapons Level 2  
  70  10:43  Adrenal Glands  
  70  10:46  Queen  
  72  10:52  Spore Crawler  
  71  10:57  Spore Crawler  
  71  11:01  Spore Crawler  
  69  11:05  Drone x2  
  69  11:07  Queen  
  73  11:18  Spore Crawler  
  72  11:22  Queen  
  75  11:25  Zergling x2  
  75  11:26  Zergling x14  
  75  11:29  Overlord  
  75  11:30  Overlord x3  
  75  11:32  Extractor  
  81  11:36  Extractor  
  81  11:38  Spore Crawler  
  79  11:40  Spore Crawler, Drone x2  
  79  11:41  Drone  
  81  11:51  Drone x3  
  84  11:57  Queen  
  79  12:38  Zergling x28  
  79  12:39  Zergling x4  
  73  14:03  Spawning Pool  
  72  14:22  Drone x4  
  76  14:26  Drone x3  
Show
View Real Time Build Order
Export as new Build Order

trashbin Protoss 

Build Orders:  

Get SALT Encoding   

  12  0:01  Probe  
  13  0:13  Probe  
  14  0:22  Pylon  
  14  0:25  Probe  
  15  0:40  Probe  
  16  0:44  Forge  
  16  0:54  Probe  
  17  0:58  Gateway  
  17  1:06  Probe  
  17  1:09  Assimilator  
  18  1:29  Pylon  
  18  1:32  Pylon  
  18  1:41  Probe  
  18  1:45  Assimilator  
  19  1:51  Photon Cannon, Cybernetics Core  
  19  2:09  Pylon  
  19  2:18  Probe  
  20  2:33  Gateway  
  20  2:37  Photon Cannon  
  20  2:39  Stalker  
  20  2:44  Photon Cannon  
  22  2:54  Shield Battery, Warp Gate  
  22  3:10  Stargate  
  22  3:13  Stalker  
  24  3:28  Probe  
  25  3:51  Pylon  
  25  4:01  Void Ray  
  25  4:04  Pylon  
  25  4:09  Stalker  
  31  4:41  Protoss Shields Level 1  
  31  4:43  Shield Battery  
  31  4:46  Void Ray  
  31  4:52  Shield Battery  
  35  5:33  Zealot  
  37  5:38  Pylon  
  37  5:39  Gateway  
  37  5:45  Gateway  
  35  5:51  Void Ray  
  39  5:59  Stalker  
  41  6:28  Nexus  
  41  6:50  Probe  
  42  7:03  Pylon  
  42  7:04  Phoenix  
  44  7:14  Stargate  
  44  7:21  Probe  
  45  7:27  Phoenix  
  45  7:33  Probe  
  48  7:40  Shield Battery  
  48  7:43  Photon Cannon  
  48  7:52  Probe  
  48  7:55  Phoenix  
  52  7:58  Probe  
  52  8:04  Probe  
  53  8:05  Protoss Ground Weapons Level 1  
  53  8:10  Probe  
  54  8:14  Shield Battery  
  54  8:20  Probe  
  54  8:22  Probe  
  54  8:26  Assimilator  
  56  8:33  Probe  
  57  8:34  Sentry, Probe  
  57  8:41  Pylon  
  60  8:45  Probe  
  61  8:55  Phoenix x2  
  65  8:57  Probe x2  
  65  9:00  Assimilator  
  67  9:27  Phoenix  
  67  9:28  Phoenix  
  71  9:43  Probe  
  72  9:47  Pylon, Nexus  
  72  9:55  Fleet Beacon  
  72  10:19  Phoenix x2  
  76  10:31  Probe x2  
  78  10:36  Protoss Air Weapons Level 1  
  78  10:37  Twilight Council  
  78  10:41  Anion Pulse-Crystals, Stargate  
  78  10:43  Probe x2  
  80  10:55  Probe x2  
  64  11:07  Probe  
  65  11:14  Phoenix x2  
  67  11:29  Probe x2  
  67  11:30  Pylon, Phoenix  
  67  11:31  Phoenix  
  69  11:34  Phoenix  
  75  11:43  Assimilator, Probe x2  
  77  11:59  Phoenix x2  
  79  12:09  Void Ray  
  79  12:14  Stargate  
  83  12:18  Shield Battery  
  83  12:20  Shield Battery  
  83  12:21  Shield Battery  
  83  12:22  Probe x2  
  85  12:36  Protoss Air Armor Level 1  
  85  12:39  Probe  
  85  12:40  Probe  
  87  12:44  Probe  
  87  12:45  Pylon  
  88  12:51  Charge  
  88  12:52  Probe  
  88  12:53  Photon Cannon  
  89  13:02  Templar Archives  
  89  13:07  Probe x2  
  89  13:11  Assimilator  
  91  13:23  Tempest  
  91  13:24  Void Ray  
  98  13:45  Tempest  
  103  14:07  Photon Cannon  
  103  14:09  Photon Cannon  
  105  14:12  Void Ray  
Show
View Real Time Build Order
Export as new Build Order

Throwfordays Protoss - Winner!

Build Orders:  

Get SALT Encoding   

  12  0:00  Probe  
  13  0:13  Pylon  
  13  0:31  Forge  
  13  0:44  Pylon, Probe  
  14  0:52  Probe  
  15  1:01  Probe  
  16  1:07  Photon Cannon  
  16  1:13  Probe  
  17  1:18  Photon Cannon  
  17  1:32  Pylon  
  17  2:01  Pylon  
  17  2:11  Pylon  
  17  2:19  Pylon  
  17  2:20  Photon Cannon  
  17  2:31  Photon Cannon  
  17  2:33  Photon Cannon  
  17  2:35  Photon Cannon  
  17  2:37  Photon Cannon  
  17  2:43  Photon Cannon  
  17  2:45  Photon Cannon  
  17  3:00  Photon Cannon  
  17  3:06  Photon Cannon  
  17  3:16  Photon Cannon  
  17  3:31  Photon Cannon  
  17  3:55  Pylon  
  17  4:07  Assimilator  
  17  4:08  Probe  
  17  4:09  Assimilator  
  18  4:20  Probe  
  18  4:22  Nexus  
  19  4:32  Probe  
  19  4:34  Gateway  
  20  4:52  Probe  
  21  5:22  Cybernetics Core  
  21  5:23  Probe  
  22  5:29  Nexus  
  22  5:30  Probe  
  22  5:31  Probe  
  24  5:38  Probe  
  24  5:41  Probe  
  24  5:49  Probe  
  26  5:55  Assimilator  
  26  5:56  Warp Gate  
  27  5:59  Assimilator  
  27  6:00  Probe  
  27  6:01  Probe  
  29  6:09  Stargate  
  29  6:12  Probe  
  29  6:13  Probe  
  31  6:25  Probe x2  
  33  6:37  Probe x2  
  33  6:38  Pylon  
  35  6:40  Pylon  
  35  6:46  Adept  
  37  6:49  Probe x2  
  39  6:55  Void Ray, Probe  
  44  7:01  Probe  
  44  7:03  Probe  
  46  7:18  Adept  
  48  7:34  Probe  
  49  7:40  Void Ray  
  49  7:42  Probe  
  54  7:46  Probe  
  55  7:54  Probe  
  56  7:58  Probe  
  56  8:05  Stargate  
  57  8:06  Probe  
  57  8:08  Stargate  
  57  8:10  Probe  
  59  8:14  Probe  
  60  8:22  Probe  
  61  8:27  Assimilator  
  61  8:29  Assimilator  
  61  8:32  Void Ray  
  61  8:33  Probe  
  65  8:40  Stargate  
  66  8:42  Stargate  
  66  8:45  Probe  
  66  8:48  Protoss Air Weapons Level 1, Void Ray  
  71  8:51  Protoss Shields Level 1  
  71  8:56  Probe  
  71  8:57  Probe  
  73  9:09  Probe  
  74  9:11  Pylon  
  74  9:16  Void Ray x2  
  80  9:18  Probe  
  80  9:20  Pylon  
  78  9:26  Probe  
  78  9:35  Probe  
  73  9:54  Nexus  
  73  10:01  Void Ray x2  
  81  10:09  Void Ray  
  81  10:10  Void Ray  
  89  10:15  Pylon  
  89  10:43  Void Ray  
  93  10:52  Void Ray  
  85  11:07  Void Ray x2  
  73  11:33  Probe  
  74  11:41  Probe  
  74  11:43  Photon Cannon  
  74  11:44  Photon Cannon  
  74  11:46  Photon Cannon  
  75  11:48  Photon Cannon  
  75  11:49  Phoenix  
  75  11:50  Phoenix, Probe  
  72  11:56  Phoenix x3  
  76  12:02  Probe  
  77  12:14  Void Ray  
  77  12:18  Phoenix  
  77  12:22  Pylon  
  73  12:35  Phoenix x2  
  77  12:41  Phoenix  
  79  12:52  Phoenix  
  69  13:41  Phoenix x3  
  58  13:55  Fleet Beacon  
  58  14:17  Nexus  
  58  14:20  Assimilator  
  58  14:23  Assimilator  
  58  14:26  Pylon  
  58  14:28  Pylon  
  58  14:29  Photon Cannon  
  58  14:31  Photon Cannon  
  58  14:32  Photon Cannon  
  58  14:35  Shield Battery  
Show
View Real Time Build Order
Export as new Build Order

Faust Zerg - Winner!

Build Orders: Pool First 

Get SALT Encoding   

  12  0:01  Drone  
  13  0:08  Drone  
  14  0:17  Extractor  
  14  0:18  Drone  
  15  0:22  Overlord  
  15  0:39  Spawning Pool  
  14  0:56  Drone  
  15  0:58  Drone  
  16  1:10  Hatchery  
  15  1:13  Drone  
  15  1:17  Extractor  
  15  1:22  Drone  
  15  1:24  Drone  
  17  1:34  Queen  
  19  1:42  Overlord  
  19  2:02  Zergling x6  
  22  2:20  Metabolic Boost  
  20  2:41  Spine Crawler  
  19  2:48  Queen  
  19  2:49  Queen  
  23  3:00  Zergling x10  
  23  3:01  Zergling x4  
  30  3:10  Spine Crawler  
  30  3:11  Zergling x2  
  30  3:31  Queen  
  32  3:35  Baneling Nest  
  31  3:55  Drone x4  
  27  4:41  Baneling  
  27  4:42  Baneling x2  
  27  4:46  Zergling x10  
  27  4:47  Zergling x6  
  35  5:02  Lair  
  35  5:07  Hatchery  
  33  5:15  Drone  
  33  5:16  Drone x2  
  28  6:00  Spire  
  28  6:03  Extractor, Drone  
  28  6:04  Drone x6  
  33  6:06  Extractor  
  33  6:07  Extractor, Drone  
  33  6:08  Drone x2  
  34  6:15  Overseer  
  34  6:27  Drone x3  
  34  6:28  Drone x2  
  34  6:31  Drone  
  40  6:40  Zergling x2  
  40  6:41  Zergling x2  
  41  7:07  Baneling  
  29  7:31  Drone  
  29  7:32  Drone x6  
  29  7:33  Drone  
  36  7:40  Overlord  
  36  7:41  Overlord  
  36  7:44  Spire  
  35  7:56  Drone  
  36  7:59  Drone x3  
  36  8:00  Drone x5  
  36  8:01  Drone x2  
  46  8:06  Queen  
  46  8:07  Overlord  
  48  8:14  Spore Crawler  
  48  8:17  Drone  
  48  8:18  Drone  
  49  8:28  Spore Crawler  
  49  8:29  Drone  
  49  8:30  Drone  
  49  8:33  Spore Crawler  
  49  8:35  Spore Crawler  
  48  8:54  Zergling x4  
  48  8:55  Zergling x4  
  52  8:56  Hatchery  
  51  9:09  Overlord  
  51  9:14  Queen  
  51  9:16  Zerg Flyer Weapons Level 1  
  53  9:24  Drone  
  53  9:25  Drone x4  
  53  9:30  Zergling x2  
  59  9:33  Baneling x2  
  59  9:34  Baneling  
  59  9:43  Drone x3  
  62  9:49  Drone x2  
  62  9:51  Drone  
  64  10:11  Queen  
  64  10:19  Baneling  
  64  10:20  Baneling, Drone  
  64  10:21  Drone x5  
  70  10:25  Spore Crawler  
  70  10:26  Spore Crawler  
  70  10:28  Drone x3  
  71  10:32  Extractor  
  70  10:39  Drone x2  
  70  10:42  Extractor  
  71  10:48  Overlord x2  
  71  11:06  Drone x2  
  71  11:07  Drone x4  
  77  11:17  Corruptor  
  77  11:18  Corruptor x5  
  83  11:20  Overlord x2  
  83  11:25  Zergling x2  
  90  11:26  Overlord x3  
  90  11:38  Queen x2  
  90  11:39  Infestation Pit  
  93  11:40  Burrow  
  93  11:43  Centrifical Hooks  
  93  11:54  Corruptor x5  
  93  11:58  Hatchery  
  93  11:59  Corruptor x2  
  106  12:02  Hatchery  
  106  12:05  Corruptor  
  106  12:09  Drone x3  
  106  12:10  Drone  
  110  12:23  Drone  
  110  12:25  Corruptor x3  
  110  12:26  Corruptor  
  110  12:28  Baneling x2  
  110  12:29  Baneling x2  
  119  12:37  Zerg Flyer Weapons Level 2  
  119  12:42  Corruptor  
  119  12:43  Corruptor  
  123  13:08  Baneling x3  
  120  13:21  Zergling x10  
  120  13:26  Zergling x2  
  120  13:27  Zergling x10  
  128  13:30  Zergling x4  
  127  13:38  Zergling x2  
  127  13:39  Zergling x6  
  121  13:55  Corruptor x4  
  121  13:59  Baneling x3  
  121  14:00  Baneling x2  
  128  14:30  Zergling x2  
  128  14:31  Zergling x6  
Tags
 
Add a new tag
Caveats
  • Supply blocks, unpowered buildings, or Contaminate may cause inaccurate times.
  • Supply counts are checked every 10 seconds.